 Dungeon Crawl Stone Soup version 0.28.0-43-g3370ac3207 (webtiles) character file.

Game seed: 2841993911660731447

421 fknight the Poker (level 6, -3/53 HPs)
             Began as a Gnoll Berserker on Mar 9, 2022.
             Was a Believer of Trog.
             Slain by a kobold brigand
             ... wielding a +0 dagger
              (5 damage)
             ... in a sewer.
             The game lasted 00:08:27 (2905 turns).

fknight the Poker (Gnoll Berserker)                 Turns: 2905, Time: 00:08:28

Health: -3/53      AC:  7    Str: 18    XL:     6   Next: 94%
Magic:  9/9        EV: 12    Int:  7    God:    Trog [**....]
Gold:   100        SH:  0    Dex: 11    Spells: 9/9 levels left

rFire   . . .      SeeInvis .   a - +0 spear
rCold   . . .      Faith    .   (no shield)
rNeg    . . .      Spirit   .   d - +0 ring mail
rPois   .          Reflect  .   (no helmet)
rElec   .          Harm     .   (no cloak)
rCorr   .          Rampage  .   (no gloves)
Will    .....                   l - +0 pair of boots
Stlth   +.........              (no amulet)
HPRegen 0.17/turn               (no ring)
MPRegen 0.11/turn               (no ring)

@: lethally poisoned (-3 -> -4), on berserk cooldown, slowed, very slow
A: fangs 1, strong nose, distributed training
a: Renounce Religion, Berserk, Trog's Hand


You were in a sewer.
You worshipped Trog.
Trog was pleased with you.
You visited 1 branch of the dungeon, and saw 3 of its levels.
You also visited: Sewer.

You collected 100 gold pieces.

Inventory:

Hand Weapons
 a - a +0 spear (weapon)
 e - a +0 hunting sling
 f - a +2 short sword of venom
 t - a +0 club
 x - a +0 hand crossbow
Missiles
 g - 48 stones (quivered)
 s - 19 poisoned darts
 y - a curare-tipped dart
Armour
 b - a +0 animal skin
 d - a +0 ring mail (worn)
 l - a +0 pair of boots (worn)
Wands
 p - a wand of digging (2)
Scrolls
 c - a scroll of fog {unknown}
 h - 2 scrolls of blinking {unknown}
 j - a scroll of immolation
 m - a scroll of enchant armour {unknown}
 n - a scroll of identify {unknown}
 r - 3 scrolls of teleportation {unknown}
 w - a scroll of vulnerability {unknown}
Potions
 i - a potion of flight {unknown}
 k - a potion of degeneration {unknown}
 o - 2 potions of brilliance {unknown}
 q - a potion of curing {unknown}
 u - 2 potions of haste {unknown}
 v - a potion of mutation {unknown}


   Skills:
 + Level 6.9 Fighting
 + Level 2.1 Short Blades
 + Level 2.1 Long Blades
 + Level 2.1 Axes
 + Level 2.1 Maces & Flails
 + Level 6.9 Polearms
 + Level 2.1 Staves
 + Level 2.1 Slings
 + Level 2.1 Bows
 + Level 2.1 Crossbows
 + Level 2.1 Throwing
 + Level 5.1 Armour
 + Level 5.1 Dodging
 + Level 2.1 Stealth
 + Level 2.1 Shields
 + Level 2.1 Unarmed Combat
 + Level 2.1 Spellcasting
 + Level 1.7 Conjurations
 + Level 1.7 Hexes
 + Level 1.7 Summonings
 + Level 1.7 Necromancy
 + Level 1.7 Translocations
 + Level 1.7 Transmutations
 + Level 1.7 Fire Magic
 + Level 1.7 Ice Magic
 + Level 1.7 Air Magic
 + Level 1.7 Earth Magic
 + Level 1.7 Poison Magic
 + Level 2.4 Invocations
 + Level 2.1 Evocations


You had 9 spell levels left.
You didn't know any spells.
Your spell library was empty.

Dungeon Overview and Level Annotations

Branches:
Dungeon (3/15)              Sewer (1/1)

Altars:


Innate Abilities, Weirdness & Mutations

You have very sharp teeth.
Your uncanny sense of smell can sniff out nearby items.
Your experience applies equally to all skills.


Message History

Your skin stops crawling.
You feel less strong-willed.
You feel sick.
The kobold brigand hits you with a +0 dagger.
The kobold brigand hits you but does no damage.
Your unstable footing causes you to fumble your attack.
You feel sick. The kobold brigand misses you.
The kobold brigand closely misses you.
You hit the kobold brigand. Your punch misses the kobold brigand.
The kobold brigand is moderately wounded.
You feel sick. The kobold hits you with a +0 dagger.
The kobold brigand hits you but does no damage.
The kobold brigand hits you with a +0 dagger.
* * * LOW HITPOINT WARNING * * *
Your unstable footing causes you to fumble your attack.
You feel sick.
The kobold brigand hits you with a +0 club.
* * * LOW HITPOINT WARNING * * *
The kobold hits you but does no damage.
The kobold brigand hits you but does no damage.
You closely miss the kobold brigand. Your bite misses the kobold brigand.
The kobold brigand is moderately wounded.
You feel sick.
The kobold brigand hits you with a +0 dagger.
* * * LOW HITPOINT WARNING * * *
Your unstable footing causes you to fumble your attack.
The kobold brigand barely misses you. The kobold hits you but does no damage.
The kobold brigand hits you with a +0 dagger.
* * * LOW HITPOINT WARNING * * *
The kobold brigand hits you but does no damage.
You puncture the kobold brigand!
The kobold brigand is severely wounded.
You feel yourself speed up.
You are no longer berserk.
You are exhausted.
You feel yourself slow down.
You feel sick.
The kobold brigand hits you with a +0 club.
* * * LOW HITPOINT WARNING * * *
The kobold hits you but does no damage.
The kobold brigand hits you but does no damage.
The kobold brigand hits you with a +0 dagger.
You die...

##...P.≈≈≈≈≈≈≈#≈≈...###
#.....≈≈÷#≈≈≈#P≈..##
##....≈≈≈#≈≈≈#....##
#......≈#≈≈≈#.....#
#......≈#≈≈≈#.....#
#.......#≈≈≈#≈≈≈..#
##...≈.≈#≈≈≈#≈≈...#
#...≈≈≈#≈≈≈#≈≈P..#
###.K@K#≈≈≈≈)≈)..#
##KK##≈≈≈##))###
#..K!#≈≈≈#....#
#!...#####....# #..∩.#
#.∩..# #....# #....#
###### ######


You could see 3 kobold brigands and 2 kobolds.

Vanquished Creatures
  4 kobold brigands (Sewer)
  4 river rats (D:3)
  6 adders
  6 worms
  5 ball pythons
  4 bats
  An endoplasm (D:1)
  4 giant cockroaches
  12 kobolds
  A quokka (D:1)
  2 frilled lizards
  4 goblins
  5 rats
58 creatures vanquished.

Vanquished Creatures (others)
  4 plants (Sewer)
4 creatures vanquished.

Grand Total: 62 creatures vanquished

Notes
Turn   | Place    | Note
-------+----------+-------------------------------------------
     0 | D:1      | fknight the Gnoll Berserker began the quest for the Orb.
     0 | D:1      | Reached XP level 1. HP: 23/23 MP: 1/1
   341 | D:1      | Reached XP level 2. HP: 29/29 MP: 2/2
   639 | D:1      | Found a faded altar of an unknown god.
  1245 | D:2      | Reached XP level 3. HP: 3/35 MP: 3/3
  1729 | D:2      | Reached skill level 1 in Invocations
  1962 | D:3      | Reached skill level 1 in Short Blades
  1962 | D:3      | Reached skill level 1 in Long Blades
  1962 | D:3      | Reached skill level 1 in Axes
  1962 | D:3      | Reached skill level 1 in Maces & Flails
  1962 | D:3      | Reached skill level 1 in Staves
  1962 | D:3      | Reached skill level 1 in Slings
  1962 | D:3      | Reached skill level 1 in Bows
  1962 | D:3      | Reached skill level 1 in Crossbows
  1962 | D:3      | Reached skill level 1 in Throwing
  1962 | D:3      | Reached skill level 1 in Stealth
  1962 | D:3      | Reached skill level 1 in Shields
  1962 | D:3      | Reached skill level 1 in Unarmed Combat
  1962 | D:3      | Reached skill level 1 in Spellcasting
  1962 | D:3      | Reached skill level 1 in Evocations
  1962 | D:3      | Reached XP level 4. HP: 41/41 MP: 5/5
  2043 | D:3      | Reached skill level 1 in Conjurations
  2043 | D:3      | Reached skill level 1 in Hexes
  2043 | D:3      | Reached skill level 1 in Summonings
  2043 | D:3      | Reached skill level 1 in Necromancy
  2043 | D:3      | Reached skill level 1 in Translocations
  2043 | D:3      | Reached skill level 1 in Transmutations
  2043 | D:3      | Reached skill level 1 in Fire Magic
  2043 | D:3      | Reached skill level 1 in Ice Magic
  2043 | D:3      | Reached skill level 1 in Air Magic
  2043 | D:3      | Reached skill level 1 in Earth Magic
  2043 | D:3      | Reached skill level 1 in Poison Magic
  2065 | D:3      | Reached ** piety under Trog
  2247 | D:3      | Reached XP level 5. HP: 36/47 MP: 6/6
  2276 | D:3      | Found a glowing drain.
  2457 | Sewer    | Entered a sewer
  2656 | Sewer    | Noticed a kobold brigand
  2665 | Sewer    | Killed a kobold brigand
  2771 | Sewer    | Noticed a kobold brigand
  2771 | Sewer    | Noticed a kobold brigand
  2788 | Sewer    | Killed a kobold brigand
  2789 | Sewer    | Reached XP level 6. HP: 53/53 MP: 8/8
  2794 | Sewer    | Reached skill level 5 in Armour
  2794 | Sewer    | Reached skill level 5 in Dodging
  2905 | Sewer    | HP: 2/53 [kobold brigand/+0 club (2)]
  2905 | Sewer    | Slain by a kobold brigand

Illustrated notes

Levels and vault maps discovered:
D:1:      minmay_arrival_wavy_path, layout_loops_ring,
          hellmonk_ecumenical_altar_blasted
D:2:      layout_basic, nicolae_elevator_lobby_plus
D:3:      minmay_recursive_quarters, layout_rooms,
          nicolae_overflow_ecumenical_swirl, serial_shops, shop,
          lightli_sewer_entry_pipes, chequers_garden
Sewer:    kennysheep_pipe_town

Skill      XL: |  1  2  3  4  5  6 |
---------------+-------------------+-----
Invocations    | 1 2 |  2.4
Short Blades   | 1 2 |  2.1
Long Blades    | 1 2 |  2.1
Axes           | 1 2 |  2.1
Maces & Flails | 1 2 |  2.1
Staves         | 1 2 |  2.1
Slings         | 1 2 |  2.1
Bows           | 1 2 |  2.1
Crossbows      | 1 2 |  2.1
Throwing       | 1 2 |  2.1
Stealth        | 1 2 |  2.1
Shields        | 1 2 |  2.1
Unarmed Combat | 1 2 |  2.1
Spellcasting   | 1 2 |  2.1
Evocations     | 1 2 |  2.1
Conjurations   | 1 |  1.7
Hexes          | 1 |  1.7
Summonings     | 1 |  1.7
Necromancy     | 1 |  1.7
Translocations | 1 |  1.7
Transmutations | 1 |  1.7
Fire Magic     | 1 |  1.7
Ice Magic      | 1 |  1.7
Air Magic      | 1 |  1.7
Earth Magic    | 1 |  1.7
Poison Magic   | 1 |  1.7
Armour         | 5 |  5.1
Dodging        | 5 |  5.1
Fighting       | |  6.9
Polearms       | |  6.9

Action                   |  1- 3 |  4- 6 || total
-------------------------+-------+-------++-------
Melee: Spear             |   108 |   253 ||   361
       Bite              |    10 |     9 ||    19
       Punch             |     1 |     4 ||     5
Invok: Berserk           |       |     3 ||     3
       Trog's Hand       |       |     3 ||     3
 Stab: Sleeping          |     1 |       ||     1
Armor: Ring mail         |    21 |    68 ||    89
Dodge: Dodged            |    36 |   107 ||   143
